 Dungeon Crawl Stone Soup version 0.31-a0-986-g5e6e4ef867 (webtiles) character file.

Game seed: 3389388726572028812

38 Dittersdorf the Trooper (level 3, 0/28 (29) HPs)
             Began as a Human Fighter on Nov 7, 2023.
             Slain by a kobold
             ... wielding a +0 whip
              (4 damage)
             ... on level 2 of the Dungeon.
             The game lasted 00:01:00 (718 turns).

Dittersdorf the Trooper (Human Fighter)              Turns: 718, Time: 00:01:00

HP:   0/28 (29)     AC: 12    Str: 18    XL:     3   Next: 65%
MP:   3/3           EV:  9    Int:  8    God:
Gold: 43            SH:  4    Dex: 12    Spells: 2/2 levels left

rFire   . . .        a - +0 long sword
rCold   . . .        c - +0 buckler
rNeg    . . .        b - +0 scale mail
rPois   .            (no helmet)
rElec   .            (no cloak)
rCorr   .            (no gloves)
SInv    .            j - +0 pair of boots
Will    .....        (no amulet) Stlth
                     f - +4 ring of protection
HPRegen 0.24/turn    (no ring)
MPRegen 0.08/turn

%: no passive effects
@: brilliant, about to teleport, lightly drained
A: no striking features
a: no special abilities


You were on level 2 of the Dungeon.
You visited 1 branch of the dungeon, and saw 2 of its levels.

You collected 43 gold pieces.

Inventory:

Hand Weapons
 a - a +0 long sword (weapon)
Armour
 b - a +0 scale mail (worn)
 c - a +0 buckler (worn)
 j - a +0 pair of boots (worn)
Jewellery
 f - a +4 ring of protection (left hand)
Scrolls
 e - 4 scrolls of identify
 h - a scroll of teleportation
Potions
 d - 2 potions of might
 i - a potion of attraction


   Skills:
 + Level 3.4 Fighting
 + Level 2.4 Long Blades
 + Level 3.3 Armour
 + Level 3.3 Shields


You had 2 spell levels left.
You didn't know any spells.
Your spell library was empty.

Dungeon Overview and Level Annotations

Branches:
Dungeon (2/15)

Altars:

Annotations:
D:2 Robin


Message History

You block the goblin's attack. The goblin hits you but does no damage.
You are too injured to fight recklessly!
You are too injured to fight recklessly!
You are too injured to fight recklessly!
You are too injured to fight recklessly!
You are too injured to fight recklessly!
You are too injured to fight recklessly!
You are too injured to fight recklessly!
You are too injured to fight recklessly!
You are too injured to fight recklessly!
As you read the scroll labelled FUANEI CIWIARE, it crumbles to dust.
It is a scroll of identify.
i - a potion of attraction The jackal bites you but does no damage.
You block the goblin's attack. The hobgoblin closely misses you.
The kobold hits you with a +0 whip. The goblin closely misses you.
Robin hits you but does no damage. The goblin barely misses you.
The goblin closely misses you.
The endoplasm hits you but does no damage.
As you read the scroll labelled RYKKEN CAMYHYA, it crumbles to dust.
You feel strangely unstable.
It was a scroll of teleportation.
The jackal misses you. The goblin hits you but does no damage.
The kobold barely misses you. The goblin hits you with a +0 dagger.
The endoplasm freezes you.
You are frozen.
* * * LOW HITPOINT WARNING * * *
The goblin barely misses you. The goblin closely misses you.
You block the hobgoblin's attack.
The jackal bites you but does no damage.
It was a potion of brilliance.
You feel clever all of a sudden.
The goblin no longer looks unusually strong.
The jackal bites you.
* * * LOW HITPOINT WARNING * * *
The goblin hits you with a +0 dagger.
* * * LOW HITPOINT WARNING * * *
The hobgoblin closely misses you.
A goblin comes into view. It is wielding a +0 dagger.
The kobold hits you with a +0 whip.
You die...

##...###.##
##..### #..## ..
#..## ##..### #
##.. ###.##
##..<#.##....
#...#
###.#.#.....
†.###
#####.....[...
..#
#..)..##......
.....#
#...###ggg......
#......
.......g@J.###..
#....##
....##ghK.#
.....# ...
..ggg....
#...... .
....#......#
.......
.......#..####
....... .......
... .... ?......
#..g ....
....... ##..
....


You could see Robin, an endoplasm, a jackal, a hobgoblin (strong), 7 goblins and
a kobold.

Vanquished Creatures
  A gnoll (D:1)
  A dart slug (D:1)
  A ball python (D:1)
  An endoplasm (D:1)
  A giant cockroach (D:2)
  6 goblins
  2 hobgoblins (D:1)
  A jackal (D:2)
  4 kobolds (D:1)
  A quokka (D:1)
  2 bats (D:1)
  A frilled lizard (D:1)
  3 rats (D:1)
25 creatures vanquished.

Notes
Turn   | Place    | Note
-------+----------+-------------------------------------------
     0 | D:1      | Dittersdorf the Human Fighter began the quest for the Orb.
     0 | D:1      | Reached XP level 1. HP: 18/18 MP: 1/1
    91 | D:1      | Reached XP level 2. HP: 24/24 MP: 2/2
   182 | D:1      | Reached XP level 3. HP: 12/29 MP: 3/3
   702 | D:2      | Noticed Robin
   718 | D:2      | Slain by a kobold

Illustrated notes

Levels and vault maps discovered:
D:1:      scummos_arrival_star, layout_basic,
          nicolae_concentric_dashed_squares_wild
D:2:      layout_rooms, serial_shops, shop,
          shapermc_ecumenical_altar_hornbeckon, uniq_sigmund, uniq_robin

Action                     || total
---------------------------++-------
  Melee: Long sword        ||    90
    Use: Scroll            ||     2
         Potion            ||     1
 Armour: Scale mail        ||    98
  Dodge: Dodged            ||    72
  Block: Buckler           ||    31

Table legend: (Time is in decaauts)
 A = Elapsed time spent in this place.
 B = Non-inter-level travel time spent in this place.
 C = Inter-level travel time spent in this place.
 D = Time resting spent in this place.
 E = Time spent auto-exploring this place.
 F = Levels seen in this place.
 G = Mean time per level.
                   A        B        C        D        E       F      G
               +--------+--------+--------+--------+--------+-----+--------+
         Total |    746 |    736 |     10 |      0 |    533 |   2 |  373.0 |
       Dungeon |    746 |    736 |     10 |      0 |    533 |   2 |  373.0 |
               +--------+--------+--------+--------+--------+-----+--------+

Top non-repeatable levels by time:
     D:1: 678 daAuts
     D:2: 68 daAuts
